Map: Proxima Station LE

Players

Snute

  • Race: Zerg Zerg
  • Spawn Location: 7:00

Cham - Winner!

  • Race: Zerg Zerg
  • Spawn Location: 1:00

Event: WCS Jonkoping 2017

VOD

Have the link to the VOD?

Description

Time

  • Played on: June 18, 2017, 9:47 a.m.
  • Length: 16:38

All games in this series

Show
View Real Time Build Order
Export as new Build Order

Snute Zerg 

Build Orders: Hatch First 

Get SALT Encoding   

  12  0:00  Drone  
  13  0:12  Overlord  
  13  0:17  Drone  
  14  0:30  Drone x2  
  14  0:34  Drone  
  17  0:54  Hatchery, Drone  
  17  1:07  Spawning Pool  
  17  1:10  Drone  
  17  1:14  Drone  
  18  1:34  Hatchery  
  18  1:36  Drone  
  18  1:39  Drone  
  19  1:42  Drone  
  20  1:53  Queen  
  22  2:05  Queen  
  22  2:08  Overlord  
  24  2:11  Drone  
  24  2:13  Drone  
  26  2:16  Drone  
  26  2:18  Drone  
  28  2:26  Drone  
  28  2:27  Drone  
  30  2:30  Queen  
  30  2:36  Drone  
  33  2:39  Drone  
  33  2:43  Overlord  
  34  2:45  Drone  
  34  2:50  Drone  
  36  2:53  Drone  
  36  2:57  Drone  
  38  3:01  Drone  
  38  3:03  Zergling x2  
  38  3:04  Drone x2  
  42  3:07  Drone x2  
  44  3:14  Extractor  
  44  3:15  Extractor, Drone  
  44  3:16  Roach Warren, Drone x3  
  44  3:19  Overlord  
  45  3:23  Evolution Chamber, Drone  
  45  3:25  Drone  
  46  3:27  Drone  
  47  3:34  Overlord  
  47  3:36  Drone  
  47  3:38  Drone  
  47  3:39  Drone x3  
  52  3:45  Evolution Chamber  
  52  3:47  Overlord  
  51  3:54  Extractor  
  50  3:56  Drone x5  
  50  4:01  Overlord  
  54  4:19  Roach  
  54  4:20  Roach x6  
  54  4:23  Roach  
  70  4:26  Roach  
  70  4:30  Roach  
  74  4:31  Zergling x2  
  74  4:32  Zergling x10  
  80  4:45  Roach x2  
  80  4:50  Zergling x2  
  63  4:58  Roach  
  63  4:59  Roach x3  
  64  5:00  Zergling x12  
  64  5:01  Zergling x4  
  64  5:06  Roach  
  71  5:11  Drone x2  
  73  5:17  Drone x3  
  76  5:27  Drone  
  77  5:29  Drone x2  
  79  5:37  Lair  
  79  5:39  Drone  
  79  5:42  Extractor  
  79  5:47  Roach  
  79  5:48  Overlord x3  
  81  5:53  Zerg Missile Weapons Level 1  
  81  5:55  Overlord  
  81  6:07  Drone x10  
  91  6:12  Drone  
  91  6:13  Drone x3  
  91  6:14  Drone  
  96  6:19  Drone  
  96  6:20  Drone  
  96  6:23  Drone x2  
  100  6:27  Zerg Ground Armor Level 1  
  100  6:29  Roach  
  102  6:33  Roach  
  102  6:36  Glial Reconstitution  
  102  6:39  Overseer  
  104  6:40  Roach  
  104  6:41  Roach  
  104  6:45  Overlord  
  110  6:47  Roach x3  
  110  6:50  Overlord  
  114  6:55  Overlord  
  114  7:01  Overlord  
  114  7:05  Roach  
  114  7:06  Roach x3  
  122  7:08  Drone  
  122  7:09  Drone  
  122  7:12  Roach  
  122  7:13  Roach x2  
  130  7:17  Roach x4  
  130  7:19  Overlord  
  130  7:21  Overlord  
  138  7:23  Roach  
  138  7:26  Overlord  
  140  7:30  Spore Crawler x2  
  140  7:31  Spore Crawler  
  137  7:37  Queen  
  137  7:41  Queen  
  137  7:42  Queen  
  137  7:43  Overlord  
  143  7:51  Evolution Chamber  
  143  7:55  Tunneling Claws  
  142  7:59  Drone x4  
  142  8:01  Overlord x2  
  147  8:05  Drone x2  
  148  8:13  Burrow  
  148  8:16  Zerg Missile Weapons Level 2  
  148  8:17  Queen  
  150  8:20  Roach  
  150  8:21  Roach x5  
  164  8:41  Roach x4  
  164  8:45  Overlord x3  
  170  8:51  Zerg Ground Armor Level 2  
  162  9:02  Roach  
  162  9:03  Roach x5  
  148  9:16  Roach x5  
  129  9:18  Roach x12  
  131  9:28  Roach x4  
  135  9:41  Roach  
  135  9:42  Roach x4  
  135  9:43  Drone x3  
  142  9:45  Extractor  
  142  9:47  Roach x4  
  142  9:51  Roach  
  142  9:52  Extractor, Roach x4  
  150  9:53  Roach x4  
  150  9:56  Roach x6  
  150  10:00  Overlord  
  150  10:04  Roach  
  150  10:05  Roach x3  
  156  10:10  Hatchery  
  153  10:16  Roach x3  
  153  10:17  Roach x2  
  153  10:18  Roach x5  
  159  10:25  Roach x4  
  165  10:29  Roach x4  
  165  10:33  Overseer  
  161  10:37  Roach x4  
  161  10:47  Roach  
  159  10:51  Roach  
  159  10:52  Roach x10  
  179  11:08  Roach  
  179  11:09  Roach x2  
  179  11:10  Roach x8  
  185  11:12  Roach x2  
  185  11:13  Overseer  
  185  11:17  Roach x5  
  195  11:22  Roach  
  195  11:24  Roach x2  
  192  11:29  Queen  
  192  11:32  Roach  
  182  11:34  Roach  
  150  11:41  Roach x2  
  150  11:47  Queen x2, Roach x3  
  149  12:00  Overseer, Roach x30  
  149  12:02  Roach  
  149  12:03  Roach x5  
  149  12:04  Queen  
  149  12:05  Roach x3  
  163  12:15  Roach x4  
  171  12:19  Infestation Pit  
  164  12:23  Pneumatized Carapace  
  160  12:30  Drone  
  160  12:32  Roach x7  
  160  12:35  Ravager x3  
  160  12:36  Ravager  
  178  12:45  Roach x3  
  180  12:59  Spore Crawler  
  147  13:17  Spawning Pool  
  123  13:31  Roach  
  123  13:32  Roach x11  
  140  13:38  Roach x3  
  136  13:50  Roach  
  126  14:02  Roach  
  97  14:14  Roach  
  97  14:17  Drone  
  97  14:24  Drone  
  82  14:42  Roach x4  
  54  14:53  Roach x2  
  38  15:02  Roach x2  
  38  15:03  Roach x2  
  36  15:09  Roach x3  
  28  15:25  Roach x7  
  24  15:35  Roach x4  
  24  15:42  Roach x5  
  22  15:44  Roach x3  
  22  15:55  Roach  
  3  16:22  Hatchery  
Show
View Real Time Build Order
Export as new Build Order

Cham Zerg - Winner!

Build Orders: Hatch First, Lurkers, Roach Nydus 

Get SALT Encoding   

  12  0:00  Drone  
  13  0:08  Drone  
  14  0:17  Overlord  
  14  0:37  Drone x2  
  14  0:38  Drone  
  17  0:52  Hatchery  
  17  0:56  Drone  
  17  0:59  Drone  
  17  1:01  Extractor  
  17  1:15  Spawning Pool  
  17  1:18  Drone  
  17  1:22  Drone  
  18  1:32  Drone  
  19  1:45  Overlord  
  19  2:01  Queen  
  19  2:05  Queen  
  19  2:06  Zergling x2  
  19  2:07  Drone  
  25  2:10  Drone  
  25  2:15  Overlord  
  26  2:16  Drone  
  27  2:28  Drone x2  
  29  2:36  Roach Warren  
  28  2:39  Lair  
  28  2:45  Drone x2  
  30  2:54  Extractor  
  30  2:55  Drone  
  29  2:58  Overlord  
  29  2:59  Drone  
  29  3:00  Drone  
  31  3:11  Drone x2  
  33  3:12  Queen  
  35  3:24  Drone  
  36  3:27  Drone  
  36  3:34  Evolution Chamber, Drone  
  36  3:37  Nydus Network, Roach  
  36  3:39  Roach  
  40  3:43  Roach  
  40  3:47  Roach  
  44  3:57  Roach x3  
  44  4:02  Overlord  
  50  4:08  Queen  
  52  4:12  Overlord  
  52  4:17  Nydus Canal  
  52  4:21  Roach  
  56  4:24  Roach  
  56  4:26  Roach  
  56  4:29  Roach  
  60  4:34  Roach  
  60  4:37  Roach  
  64  4:43  Roach  
  64  4:45  Roach  
  68  4:52  Roach  
  68  4:55  Roach  
  60  5:01  Queen  
  60  5:04  Roach x2  
  60  5:05  Drone  
  60  5:07  Drone  
  60  5:09  Extractor  
  54  5:14  Drone  
  54  5:19  Drone  
  55  5:26  Drone  
  56  5:28  Drone  
  57  5:37  Drone  
  57  5:38  Drone  
  57  5:40  Spire  
  58  5:46  Drone  
  58  5:47  Drone x3  
  62  5:52  Hatchery  
  62  5:56  Zerg Missile Weapons Level 1  
  61  6:00  Drone x2  
  61  6:02  Extractor  
  62  6:04  Overlord  
  62  6:10  Overlord  
  62  6:12  Drone x2  
  62  6:16  Drone x2  
  66  6:18  Glial Reconstitution  
  66  6:22  Roach  
  66  6:24  Drone  
  69  6:26  Drone  
  69  6:28  Roach  
  72  6:33  Overlord  
  72  6:37  Queen  
  74  6:45  Overlord  
  74  6:50  Drone, Overlord  
  74  6:51  Drone x3  
  78  6:55  Mutalisk  
  78  6:57  Mutalisk  
  78  6:59  Mutalisk  
  84  7:03  Mutalisk  
  86  7:09  Mutalisk x2  
  86  7:14  Drone x3  
  93  7:22  Drone, Hydralisk Den  
  93  7:23  Drone  
  93  7:26  Overlord  
  93  7:27  Drone x2  
  96  7:30  Drone x2  
  96  7:32  Extractor  
  96  7:33  Extractor, Drone  
  96  7:36  Overseer  
  96  7:37  Overlord  
  97  7:38  Drone  
  97  7:41  Drone x2  
  97  7:42  Drone  
  101  7:46  Overlord  
  101  7:48  Drone  
  102  7:52  Drone  
  102  7:53  Drone x3  
  102  7:55  Overlord  
  102  7:57  Lurker Den  
  106  8:06  Roach x2  
  106  8:07  Roach  
  106  8:09  Hydralisk  
  106  8:12  Hydralisk  
  112  8:14  Drone x2  
  112  8:17  Hydralisk x2  
  120  8:20  Hydralisk  
  120  8:23  Hydralisk  
  120  8:25  Hydralisk  
  126  8:27  Hydralisk  
  126  8:31  Overlord  
  128  8:38  Hatchery  
  128  8:40  Hydralisk x2  
  131  8:45  Overlord  
  131  8:46  Roach  
  131  8:47  Roach  
  133  8:50  Roach x4  
  133  8:53  Roach x2  
  133  8:55  Roach  
  147  8:58  Roach  
  147  9:00  Roach  
  147  9:01  Roach  
  153  9:06  Roach Warren  
  153  9:07  Hydralisk  
  140  9:13  Hydralisk x2  
  124  9:17  Hydralisk x2  
  124  9:18  Hydralisk  
  124  9:21  Hydralisk  
  124  9:23  Hydralisk  
  118  9:27  Overseer  
  118  9:29  Hydralisk x2  
  118  9:38  Drone x3  
  118  9:40  Hydralisk x2  
  118  9:45  Lurker x2  
  125  9:46  Lurker x2  
  125  9:47  Hydralisk  
  125  9:50  Hydralisk  
  131  9:53  Hydralisk  
  133  10:02  Hydralisk  
  133  10:05  Hydralisk  
  133  10:06  Hydralisk x2  
  141  10:08  Roach  
  141  10:10  Roach x2  
  141  10:13  Roach  
  148  10:15  Roach x2  
  148  10:19  Roach x2  
  148  10:21  Roach x2  
  158  10:26  Roach  
  159  10:31  Lurker  
  159  10:33  Roach x2  
  159  10:34  Drone x2  
  166  10:36  Drone x2  
  166  10:39  Overlord  
  166  10:47  Roach x2  
  167  10:57  Nydus Canal  
  167  11:00  Roach x3  
  167  11:01  Roach x2  
  173  11:08  Roach  
  173  11:10  Overlord x3  
  175  11:17  Roach  
  172  11:18  Roach  
  172  11:23  Roach  
  172  11:24  Roach x3  
  170  11:25  Roach  
  170  11:29  Roach x3  
  170  11:32  Roach  
  166  11:33  Roach x2  
  166  11:35  Roach  
  166  11:37  Nydus Canal  
  166  11:39  Roach x2  
  159  11:45  Roach x2  
  141  11:49  Roach x2  
  141  11:51  Lurker x3  
  141  11:52  Roach  
  148  11:58  Queen, Drone  
  151  12:02  Roach  
  151  12:03  Roach x2  
  151  12:06  Roach  
  159  12:14  Roach x3  
  165  12:16  Nydus Canal  
  165  12:18  Roach  
  165  12:22  Roach x2  
  171  12:26  Roach  
  171  12:27  Roach  
  171  12:28  Roach x2  
  179  12:32  Nydus Canal  
  179  12:34  Roach x2  
  183  12:37  Roach  
  181  12:45  Roach  
  181  12:46  Roach  
  181  12:49  Roach x3  
  187  12:55  Roach x2  
  187  12:57  Hydralisk x2  
  193  13:02  Hydralisk  
  195  13:06  Hydralisk  
  195  13:07  Hydralisk  
  199  13:13  Roach  
  183  13:27  Overlord x2  
  183  13:28  Overlord x2  
  183  13:30  Extractor x2  
  183  13:31  Spine Crawler  
  183  13:32  Spine Crawler  
  121  13:48  Roach x2  
  121  13:49  Roach x4  
  121  13:53  Roach x2  
  128  14:02  Roach x3  
  98  14:11  Roach  
  98  14:12  Roach  
  91  14:21  Roach  
  87  14:29  Roach  
  88  14:34  Roach  
  60  14:59  Extractor  
  41  15:26  Extractor  
Tags
 
Add a new tag
Caveats
  • Supply blocks, unpowered buildings, or Contaminate may cause inaccurate times.
  • Supply counts are checked every 10 seconds.